 Dungeon Crawl Stone Soup version 0.29.1-1-gd02db6906a (webtiles) character file.

Game seed: 7453061922504394281

53 Godmorgon the Gusty (level 3, -4/19 HPs)
             Began as a Tengu Air Elementalist on Oct 16, 2022.
             Killed by divine providence
             ... invoked by an orc priest
              (10 damage)
             ... on level 3 of the Dungeon.
             The game lasted 00:04:52 (2125 turns).

Godmorgon the Gusty (Tengu Air Elementalist)        Turns: 2125, Time: 00:04:53

Health: -4/19      AC:  2    Str:  8    XL:     3   Next: 89%
Magic:  7/7        EV: 12    Int: 17    God:
Gold:   25         SH:  0    Dex: 14    Spells: 4/7 levels left

rFire   . . .      SeeInvis .   a - +6 hand axe of the Green God {pain, Will+ Stlth+}
rCold   . . .      Faith    .   (no shield)
rNeg    + . .      Spirit   .   e - +0 robe
rPois   .          Reflect  .   (helmet restricted)
rElec   .          Harm     .   (no cloak)
rCorr   .          Rampage  .   (no gloves)
Will    +....                   (boots unavailable)
Stlth   +++.......              (no amulet)
HPRegen 0.06/turn               h - ring of positive energy
MPRegen 0.10/turn               (no ring)

@: no status effects
A: beak, talons 3
a: no special abilities


You were on level 3 of the Dungeon.
You visited 1 branch of the dungeon, and saw 3 of its levels.

You collected 169 gold pieces.
You spent 144 gold pieces at shops.

Inventory:

Hand Weapons
 a - the +6 hand axe of the Green God (weapon) {pain, Will+ Stlth+}
   (You bought it in a shop on level 2 of the Dungeon)

   In the hands of one skilled in necromantic magic, it inflicts extra damage on
   living creatures.
   Will:      It increases your willpower.
   Stlth:     It makes you more stealthy.
 n - a +2 whip of flaming
 o - a +1 short sword of electrocution
Missiles
 i - 2 poisoned darts
Armour
 e - a +0 robe (worn)
Jewellery
 h - a ring of positive energy (left hand)
Scrolls
 g - 2 scrolls of identify {unknown}
 k - 2 scrolls of immolation {unknown}
 m - a scroll of enchant armour {unknown}
 p - a scroll of enchant weapon {unknown}
Potions
 b - a potion of magic
 c - 2 potions of cancellation {unknown}
 d - a potion of invisibility {unknown}
 f - a potion of mutation {unknown}
 j - a potion of attraction {unknown}
 l - a potion of heal wounds {unknown}


   Skills:
 - Level 2.1 Dodging
 - Level 2.0 Stealth
 + Level 2.5 Spellcasting
 + Level 2.6 Conjurations
 * Level 5.2 Air Magic


You had 4 spell levels left.
You knew the following spells:

 Your Spells              Type           Power      Damage    Failure   Level
d - Static Discharge      Conj/Air       15%        3-5/arc   5%          2
s - Shock                 Conj/Air       60%        1d6       3%          1

Your spell library contained the following spells:

 Spells                   Type           Power      Damage    Failure   Level
 Magic Dart               Conj           40%        1d5       6%          1
 Swiftness                Air            20%        N/A       6%          3
 Mephitic Cloud           Conj/Pois/Air  11%        N/A       19%         3
 Airstrike                Air            10%        2d(2-18)  22%         4
 Call Imp                 Summ           2%         N/A       28%         2


Dungeon Overview and Level Annotations

Branches:
Dungeon (3/15)

Altars:

Shops:
D:2 (


Innate Abilities, Weirdness & Mutations

You have a beak for a mouth.
You have claws for feet.


Message History

A frilled lizard is nearby!
The helpless frilled lizard fails to defend itself.
You hit the frilled lizard.
You kill the frilled lizard!
You see here a frilled lizard corpse. 3 orcs come into view.
A bat comes into view.
The bat hits you.
You see here a scroll labelled EPOWAH IBBI.
p - a scroll labelled EPOWAH IBBI The bat hits you.
The bat hits you but does no damage.
An orc priest comes into view. It is wielding a +0 whip.
The orc priest shouts!
The orc shouts!
You hear a shout!
The bat closely misses you. The bat barely misses you.
An orc wizard comes into view. It is wielding a +0 dagger.
The bat attacks as you move away! The bat closely misses you.
The bat barely misses you. The bat barely misses you.
The bat hits you but does no damage.
The orc shouts!
You hear a shout!
The bat closely misses you.
You hit the bat.
You kill the bat!
You hit the orc. Your kick misses the orc. Your peck misses the orc.
The orc is almost dead.
The orc completely misses you.
You slash the orc!
You kill the orc!
The orc hits you with a +0 whip.
You barely miss the orc. The orc barely misses you.
You hit the orc.
You kill the orc!
You slash the orc priest! You claw the orc priest.
The orc priest is severely wounded.
The orc priest calls down the wrath of Beogh upon you.
Beogh smites you!
Ouch! That really hurt!
The orc priest mumbles some strange prayers to Beogh against you.
Beogh smites you!
Ouch! That really hurt!
You die...

.... ##..#
.## .o..
...# # #.o#
#..#.##
#..####..#..
#oo........
#.# #..# #
#o####..##.#
#.o@.......#
######..####
#....#
###.##.#
#...# .#
#.####.#
#......####
#..........
#..########


You could see an orc priest and an orc wizard.

Vanquished Creatures
  2 adders (D:2)
  A worm (D:2)
  2 orcs (D:3)
  2 bats (D:3)
  An endoplasm (D:1)
  A giant cockroach (D:1)
  3 goblins
  3 hobgoblins
  3 jackals (D:2)
  3 kobolds
  4 ball pythons
  2 frilled lizards
  A rat (D:1)
28 creatures vanquished.

Notes
Turn   | Place    | Note
-------+----------+-------------------------------------------
     0 | D:1      | Godmorgon the Tengu Air Elementalist began the quest for
                  | the Orb.
     0 | D:1      | Reached XP level 1. HP: 10/10 MP: 4/4
   367 | D:1      | Reached XP level 2. HP: 15/15 MP: 6/6
   371 | D:1      | Learned a level 2 spell: Static Discharge
   937 | D:2      | Reached XP level 3. HP: 19/19 MP: 7/7
  1043 | D:2      | Reached skill level 5 in Air Magic
  1656 | D:2      | Found Sakina Haveu's Antique Weapon Shop.
  1973 | D:2      | Bought a fine hand axe for 144 gold pieces
  1973 | D:2      | Identified the +6 hand axe of the Green God {pain, Will+
                  | Stlth+} (You bought it in a shop on level 2 of the Dungeon)
  2125 | D:3      | Killed from afar by an orc priest

Illustrated notes

Levels and vault maps discovered:
D:1:      minmay_arrival_open_corners, layout_loops_ring, fountainhead,
          minmay_fountain_box
D:2:      layout_loops_ring, serial_shops, nicolae_shop_window_shopping,
          minmay_ruptured
D:3:      layout_loops_ring, hellmonk_ecumenical_altar_crossroads

Skill      XL: |  1  2  3 |
---------------+----------+-----
Conjurations   | 2 |  2.6
Air Magic      | 5 |  5.2
Dodging        | |  2.1
Stealth        | |  2.0
Spellcasting   | |  2.5

Action                   || total
-------------------------++-------
Melee: Whip              ||    27
       Kick              ||     8
       Peck              ||     5
       Hand axe          ||    10
 Cast: Shock             ||    15
       Static Discharge  ||     2
 Stab: Sleeping          ||     2
Armor: Robe              ||     7
Dodge: Dodged            ||    24
